 Dungeon Crawl Stone Soup version 0.29.1-13-g9f3cf754e1 (webtiles) character file.

Game seed: 1255824235516104806

4 Descartes the Ducker (level 1, -2/10 HPs)
             Began as a Deep Elf Wanderer on Jan 26, 2023.
             Slain by a ball python (3 damage)
             ... on level 1 of the Dungeon.
             The game lasted 00:00:57 (389 turns).

Descartes the Ducker (Deep Elf Wanderer)             Turns: 389, Time: 00:00:58

Health: -2/10      AC:  3    Str:  5    XL:     1   Next: 58%
Magic:  5/5        EV: 13    Int: 17    God:
Gold:   12         SH:  0    Dex: 17    Spells: 2/3 levels left

rFire   . . .      SeeInvis .   a - +0 quarterstaff
rCold   . . .      Faith    .   (shield currently unavailable)
rNeg    . . .      Spirit   .   d - +0 robe
rPois   .          Reflect  .   b - +0 helmet
rElec   .          Harm     .   (no cloak)
rCorr   .          Rampage  .   (no gloves)
Will    .....                   (no boots)
Stlth   ++........              (no amulet)
HPRegen 0.03/turn               (no ring)
MPRegen 0.09/turn               (no ring)

@: no status effects
A: no striking features
a: no special abilities


You were on level 1 of the Dungeon.
You visited 1 branch of the dungeon, and saw 1 of its levels.

You collected 12 gold pieces.

Inventory:

Hand Weapons
 a - a +0 quarterstaff (weapon)
Armour
 b - a +0 helmet (worn)
 d - a +0 robe (worn)
Scrolls
 c - a scroll of blinking


   Skills:
 - Level 2.0 Staves
 - Level 3.6 Dodging
 - Level 1.2 Stealth
 - Level 1.5 Spellcasting
 - Level 3.2 Summonings
 + Level 1.2 Air Magic


You had 2 spell levels left.
You knew the following spells:

 Your Spells              Type           Power      Damage    Failure   Level
a - Summon Small Mammal   Summ           48%        N/A       5%          1

Your spell library contained the following spells:

 Spells                   Type           Power      Damage    Failure   Level
 Call Canine Familiar     Summ           12%        N/A       16%         3
 Summon Lightning Spire   Summ/Air       8%         N/A       63%         4


Dungeon Overview and Level Annotations

Branches:
Dungeon (1/15)

Altars:


Message History

You closely miss the ball python. The ball python bites you.
The ball python constricts you.
The frilled lizard bites you but does no damage.
The ball python bites you but does no damage.
The ball python constricts you.
You closely miss the ball python.
The ball python bites you but does no damage.
The ball python constricts you. The frilled lizard closely misses you.
You closely miss the ball python. The ball python closely misses you.
The ball python constricts you. The frilled lizard misses you.
The ball python bites you. The ball python constricts you.
You are too injured to fight recklessly!
You are too injured to fight recklessly!
You are too injured to fight recklessly!
You are too injured to fight recklessly!
You are too injured to fight recklessly!
You are too injured to fight recklessly!
You are too injured to fight recklessly!
You are too injured to fight recklessly!
You are too injured to fight recklessly!
You are too injured to fight recklessly!
You are too injured to fight recklessly!
You are too injured to fight recklessly!
You are too injured to fight recklessly!
You are too injured to fight recklessly!
You escape the ball python's grasp.
The frilled lizard attacks as you move away!
The frilled lizard bites you.
* * * LOW HITPOINT WARNING * * *
The frilled lizard attacks as you move away!
The frilled lizard misses you.
You barely miss the frilled lizard. The frilled lizard closely misses you.
The frilled lizard barely misses you.
You hit the frilled lizard.
You kill the frilled lizard!
The ball python closely misses you. The ball python barely misses you.
You hit the ball python.
The ball python is moderately wounded.
The ball python bites you.
You die...

... .... ..... ########
...... #......# ......###
#..!...#
........###......#
..>..##.....#...## .#
............#####.##...##
..............@S.........
.?..........#####....###.
.............#####..##
............... ..>#
...................#
...#......#..........
...#..##..#...(...###. ..
#..##..#........ ##....##
....


You could see a ball python.

Vanquished Creatures
  2 endoplasms (D:1)
  A hobgoblin (D:1)
  A frilled lizard (D:1)
4 creatures vanquished.

Notes
Turn   | Place    | Note
-------+----------+-------------------------------------------
     0 | D:1      | Descartes the Deep Elf Wanderer began the quest for the
                  | Orb.
     0 | D:1      | Descartes set off with the following items: a +0
                  | quarterstaff, a +0 helmet, a scroll of blinking, a +0 robe;
                  | and the following spell memorised: Summon Small Mammal; and
                  | the following spells available to memorise: Call Canine
                  | Familiar, Summon Lightning Spire.
     0 | D:1      | Reached XP level 1. HP: 10/10 MP: 5/5
   185 | D:1      | Reached skill level 1 in Air Magic
   389 | D:1      | Slain by a ball python

Illustrated notes

Levels and vault maps discovered:
D:1:      amcnicky_arrival_wind_blow, layout_rooms

Skill      XL: |  1 |
---------------+----+-----
Air Magic      | 1 |  1.2
Staves         | |  2.0
Dodging        | |  3.6
Stealth        | |  1.2
Spellcasting   | |  1.5
Summonings     | |  3.2

Action                   || total
-------------------------++-------
Melee: Quarterstaff      ||    17
Armor: Robe              ||     3
Dodge: Dodged            ||    19
